General information
- name: BNet
- type: Ladder team game (AT/RT)
- host: Battle.net
- saver: miguelitito
map: Goldshire
- players: 4
- length: 22:18
- speed: Fast
- version: 1.26 W3XP
- replay type: Public
» download(108 KB)
Players
team 1 (loser)
Badrjames (
blue | 61 APM | 1194 actions | 19:33)
4 Blademaster
2 Wind Walk
2 Critical Strike
3 Tauren Chieftain
2 War Stomp
1 Endurance Aura
» actions
| Assign group hotkey | 30 | |
| Build / train | 74 | |
| Enter build submenu | 9 | |
| Enter hero's abilities submenu | 7 | |
| Right click | 624 | |
| Select / deselect | 244 | |
| Select group hotkey | 147 | |
| Use ability | 59 | |
1194 total
» units
| Peon | 13 | |
| Grunt | 6 | |
| Troll Headhunter/Berserker | 18 | |
37 total
» upgrades
| Berserker Strength | 1 | |
| Berserker Upgrade | 1 | |
| Troll Regeneration | 1 | |
| Ranged Weapons | 3 | |
| Reinforced Defenses | 1 | |
7 total
» buildings
| Altar of Storms | 1 | |
| Orc Burrow | 4 | |
| Barracks | 2 | |
| Voodoo Lounge | 1 | |
| Stronghold | 3 | |
| Fortress | 1 | |
| War Mill | 1 | |
13 total
» build order
00:04 Altar of Storms
00:12 Orc Burrow
00:34 Barracks
01:43 Orc Burrow
01:56 Voodoo Lounge
02:51 Stronghold
02:52 Stronghold
02:52 Stronghold
05:02 Orc Burrow
05:14 Fortress
06:39 War Mill
07:22 Orc Burrow
08:45 Barracks
» items
| Healing Salve | 7 | |
| Scroll of Speed | 1 | |
| Lesser Clarity Potion | 3 | |
| Tiny Great Hall | 1 | |
| Orb of Lightning | 1 | |
| Potion of Healing | 2 | |
| Potion of Mana | 1 | |
16 total

»
saintweed (
purple | 38 APM | 752 actions | 19:42)
4 Archmage
2 Summon Water Elemental
2 Brilliance Aura
2 Dark Ranger
1 Black Arrow
1 Life Drain
» actions
| Assign group hotkey | 21 | |
| Basic commands | 32 | |
| Build / train | 54 | |
| ESC pressed | 1 | |
| Enter build submenu | 14 | |
| Enter hero's abilities submenu | 7 | |
| Right click | 193 | |
| Select / deselect | 237 | |
| Select group hotkey | 149 | |
| Use ability | 44 | |
752 total
» units
| Peasant | 6 | |
| Footman | 22 | |
| Priest | 7 | |
| Knight | 3 | |
38 total
» upgrades
| Swords | 2 | |
| Plating | 2 | |
| Lumber Harvesting | 1 | |
5 total
» buildings
| Farm | 7 | |
| Altar of Kings | 1 | |
| Barracks | 1 | |
| Lumber Mill | 1 | |
| Arcane Vault | 2 | |
| Keep | 1 | |
| Blacksmith | 1 | |
| Arcane Sanctum | 1 | |
| Castle | 1 | |
16 total
» build order
00:10 Farm
00:15 Altar of Kings
00:19 Barracks
01:07 Farm
01:51 Lumber Mill
01:56 Farm
02:48 Arcane Vault
08:39 Keep
08:50 Blacksmith
09:08 Arcane Vault
10:11 Farm
10:51 Farm
11:20 Arcane Sanctum
12:07 Farm
14:33 Castle
15:26 Farm
» items
team 2 (winner)
DesertStorm (
green | 153 APM | 3019 actions | 19:42)
5 Death Knight
3 Death Coil
1 Unholy Aura
1 Death Pact
3 Lich
2 Frost Nova
1 Frost Armor
» actions
| Assign group hotkey | 52 | |
| Basic commands | 145 | |
| Build / train | 69 | |
| ESC pressed | 5 | |
| Enter build submenu | 14 | |
| Enter hero's abilities submenu | 9 | |
| Right click | 1371 | |
| Select / deselect | 587 | |
| Select group hotkey | 645 | |
| Use ability | 122 | |
3019 total
» units
| Acolyte | 2 | |
| Ghoul | 16 | |
| Crypt Fiend | 10 | |
| Obsidian Statue | 10 | |
| Abomination | 2 | |
40 total
» upgrades
» buildings
| Crypt | 1 | |
| Altar of Darkness | 1 | |
| Ziggurat | 5 | |
| Tomb of Relics | 1 | |
| Graveyard | 1 | |
| Nerubian Tower | 1 | |
| Halls of the Dead | 1 | |
| Black Citadel | 1 | |
| Slaughterhouse | 2 | |
14 total
» build order
00:11 Crypt
00:16 Altar of Darkness
00:36 Ziggurat
00:58 Tomb of Relics
01:37 Ziggurat
02:21 Graveyard
03:22 Nerubian Tower
06:09 Halls of the Dead
07:07 Ziggurat
08:46 Black Citadel
08:48 Slaughterhouse
08:52 Slaughterhouse
09:46 Ziggurat
11:42 Ziggurat
» items
| Rod of Necromancy | 6 | |
| Dust of Appearance | 2 | |
8 total
miguelitito (
red | 65 APM | 1450 actions | 22:18)
4 Mountain King
2 Storm Bolt
2 Bash
4 Blood Mage
2 Siphon Mana
2 Banish
» actions
| Assign group hotkey | 44 | |
| Build / train | 92 | |
| Enter build submenu | 32 | |
| Enter hero's abilities submenu | 9 | |
| Remove unit from queue | 2 | |
| Right click | 767 | |
| Select / deselect | 353 | |
| Select group hotkey | 48 | |
| Use ability | 103 | |
1450 total
» units
| Peasant | 13 | |
| Footman | 17 | |
| Rifleman | 3 | |
| Sorceress | 7 | |
| Mortar Team | 3 | |
| Spell Breaker | 4 | |
| Knight | 2 | |
| Siege Engine | 2 | |
51 total
» upgrades
» buildings
| Altar of Kings | 1 | |
| Farm | 8 | |
| Barracks | 1 | |
| Arcane Vault | 1 | |
| Scout Tower | 14 | |
| Arcane Tower | 6 | |
| Lumber Mill | 1 | |
| Keep | 1 | |
| Blacksmith | 1 | |
| Guard Tower | 2 | |
| Arcane Sanctum | 1 | |
| Workshop | 1 | |
| Castle | 1 | |
39 total
» build order
00:05 Altar of Kings
00:10 Farm
00:44 Barracks
01:09 Farm
02:08 Arcane Vault
02:23 Farm
02:47 Scout Tower
02:51 Scout Tower
03:21 Scout Tower
03:22 Arcane Tower
03:24 Scout Tower
03:48 Arcane Tower
04:26 Lumber Mill
05:31 Keep
06:26 Scout Tower
06:29 Scout Tower
06:37 Blacksmith
07:02 Guard Tower
07:11 Scout Tower
07:24 Scout Tower
08:05 Arcane Tower
08:07 Scout Tower
08:09 Scout Tower
08:17 Arcane Sanctum
08:49 Farm
09:13 Workshop
10:51 Farm
10:53 Farm
12:11 Scout Tower
12:14 Scout Tower
12:49 Guard Tower
13:11 Arcane Tower
14:25 Scout Tower
14:28 Scout Tower
15:21 Arcane Tower
17:03 Castle
17:36 Arcane Tower
19:04 Farm
19:08 Farm
» items
| Scroll of Regeneration | 10 | |
| Lesser Clarity Potion | 8 | |
18 total
Chat log
(00:25 / Allies) DesertStorm: hi
(00:27 / Allies) miguelitito: hello
(01:15 / Allies) miguelitito: rush or ?
(01:22 / Allies) DesertStorm: yeah
(07:00 / Allies) DesertStorm: no need for towers here
(08:16 / All) DesertStorm: luck ftw...
(08:37 / Allies) DesertStorm: rifles
(08:38 / Allies) DesertStorm: magi
(08:39 / Allies) DesertStorm: c
(10:20 / Allies) miguelitito: he go wyrm ?
(10:33 / Allies) DesertStorm: no
(10:45 / Allies) DesertStorm: destroyers
(10:59 / Allies) DesertStorm: creep
(11:37 / Allies) DesertStorm: back
(11:50 / All) miguelitito: they mh maybe ?
(12:19 / Allies) miguelitito: help
(14:49 / Allies) DesertStorm: lets attck
(16:56 / All) DesertStorm: nice
(18:52 / All) Badrjames: gg
(18:55 / All) DesertStorm: gg
(18:58 / Allies) miguelitito: you good ally
(19:06 / Allies) DesertStorm: thank you u2